 Dungeon Crawl Stone Soup version 0.25-a0-161-gb7fd73da8f (webtiles) character file.

Game seed: 7998485187759179649, levelgen mode: deterministic

61 MisterFreud the Skirmisher (level 3, -6/20 HPs)
             Began as a Felid Wanderer on Nov 21, 2019.
             Mangled by a gnoll
             ... wielding a +0 spear
              (9 damage)
             ... on level 2 of the Dungeon.
             The game lasted 00:04:16 (2405 turns).

MisterFreud the Skirmisher (Felid Wanderer)         Turns: 2405, Time: 00:04:17

Health: -6/20      AC:  1    Str:  6    XL:     3   Next: 83%
Magic:  4/4        EV: 15    Int: 15    God:
Gold:   43         SH:  0    Dex: 16    Spells: 2/2 levels left
                                        Lives:  0   Deaths: 0

rFire    . . .     SeeInvis +     - Unarmed
rCold    . . .     Gourm    .   (shield unavailable)
rNeg     . . .     Faith    .   (armour unavailable)
rPois    .         Spirit   .   (helmet unavailable)
rElec    .         Reflect  .   (cloak unavailable)
rCorr    .         Harm     .   (gloves unavailable)
MR       .....                  (boots unavailable)
Stlth    +++.......             (no amulet)
HPRegen  0.06/turn              (no ring)
MPRegen  0.09/turn              (no ring)

@: quick
A: very small, no armour, no weapons or thrown items, stealth, claws 1, fangs 3,
see invisible, carnivore, speed 1, shaggy fur 1, slow metabolism 1, sharp paws
a: no special abilities


You were on level 2 of the Dungeon.
You were very full.

You visited 1 branch of the dungeon, and saw 2 of its levels.

You collected 43 gold pieces.

Inventory:

Scrolls
 c - 2 scrolls of identify
 g - 2 scrolls of amnesia {unknown}
 h - 2 scrolls of remove curse {unknown}
 i - a scroll of fog {unknown}
 j - a scroll of enchant armour {unknown}
Potions
 a - 2 potions of haste
 b - 2 potions of heal wounds
 d - a potion of lignification
Comestibles
 f - 4 rations


   Skills:
 - Level 6.0 Fighting
 + Level 3.9 Stealth
 + Level 3.3 Unarmed Combat
   Level 1.1 Evocations


You had 2 spell levels left.
You didn't know any spells.
Your spell library was empty.

Dungeon Overview and Level Annotations

Branches:
Dungeon (2/15)

Altars:
Ru


Innate Abilities, Weirdness & Mutations

You cannot wear armour.
You are incapable of wielding weapons or throwing items.
Your paws allow you to move quietly. (Stealth)
You have sharp claws.
You have razor-sharp teeth.
You have supernaturally acute eyesight. (SInv)
You are carnivorous and can eat meat at any time.
You cover ground quickly.
You are covered in fur. (AC +1)
You have a slow metabolism.
Your sharp claws are effective at attacking unaware monsters.


Message History

You kill the ball python!
The gnoll shouts!
The gnoll barely misses you. The gnoll hits you with a +0 spear!
You scratch the gnoll.
The gnoll is moderately wounded.
The gnoll misses you.
You closely miss the gnoll.
The gnoll is moderately wounded.
The gnoll barely misses you.
You scratch the gnoll but do no damage.
The gnoll is moderately wounded.
The gnoll hits you from afar with a +0 spear.
The gnoll completely misses you.
You scratch the gnoll.
The gnoll is severely wounded.
The gnoll misses you. The gnoll hits you with a +0 spear!
* * * LOW HITPOINT WARNING * * *
The gnoll hits you from afar with a +0 spear!
You die...

#.##.#.#.#...# #.........
#.##.#.#.##### #.......g.
#.#....#.. #........g
#.##############.........
#..............#.........
#########.#.##.#g####'###
#.#....#.# #.# #.######.#
#.# #.@.gg...# #.#
########## #.# #.# #.#
#.### #...# ###.### #....
#####


You could see 2 gnolls.

Vanquished Creatures
  2 adders (D:2)
  A dart slug (D:1)
  A leopard gecko (D:1)
  2 ball pythons
  A bat (D:1)
  2 giant cockroaches (D:1)
  5 goblins (D:1)
  7 hobgoblins
  4 jackals (D:2)
  3 frilled lizards (D:1)
  4 kobolds (D:1)
  7 rats
39 creatures vanquished.

Notes
Turn   | Place    | Note
-------+----------+-------------------------------------------
     0 | D:1      | MisterFreud the Felid Wanderer began the quest for the Orb.
     0 | D:1      | MisterFreud set off with the following items: a potion of
                  | haste, a potion of heal wounds, a potion of curing, a
                  | potion of lignification, a ration
     0 | D:1      | Reached XP level 1. HP: 13/13 MP: 2/2
   389 | D:2      | Reached XP level 2. HP: 10/16 MP: 3/3
   660 | D:2      | Found a sacrificial altar of Ru.
   938 | D:2      | Reached XP level 3. HP: 7/20 MP: 4/4
  2405 | D:2      | Mangled by a gnoll

Levels and vault maps discovered:
D:1:      psy_arrival_whirlpool, layout_loops_corners
D:2:      layout_basic, nicolae_ru_awakened_eye, chequers_serial_rivers_marsh

Skill      XL: |  1  2  3 |
---------------+----------+-----
Stealth        | 2 3 |  3.9
Unarmed Combat | 3 |  3.3
Fighting       | |  6.0
Evocations     | |  1.1

Action                   || total
-------------------------++-------
Melee: Unarmed           ||   121
       Bite              ||    11
       Punch             ||     1
  Use: Potion            ||     1
       Scroll            ||     1
 Stab: Sleeping          ||     9
       Distracted        ||     1
  Eat: Chunk             ||     9
Armor: Skin              ||     6
Dodge: Dodged            ||    70

Table legend:
 A = Non-vault XP
 B = Vault XP
 C = Vault XP percentage of total XP
 D = Non-vault monster count
 E = Vault monster count
 F = Vault count percentage of total count
                 A         B        C        D         E       F
            +---------+---------+-------+---------+---------+-------
      Total |      88 |       0 |   0.0 |      39 |       0 |   0.0
            +---------+---------+-------+---------+---------+-------
        D:1 |      41 |       0 |   0.0 |      25 |       0 |   0.0
        D:2 |      47 |       0 |   0.0 |      14 |       0 |   0.0
            +---------+---------+-------+---------+---------+-------
